 Dungeon Crawl Stone Soup version 0.24.0-125-gc4c63601f3 (webtiles) character file.

Game seed: 6307416696473482637, levelgen mode: deterministic

6211 KevinB the Carver (level 10, -5/89 HPs)
             Began as a Minotaur Fighter on Mar 18, 2020.
             Was a High Priest of Okawaru.
             Slain by a crocodile (10 damage)
             ... on level 1 of the Lair of Beasts.
             The game lasted 00:33:17 (5584 turns).

KevinB the Carver (Minotaur Fighter)                Turns: 5584, Time: 00:33:18

Health: -5/89      AC: 19    Str: 27    XL:     10   Next: 61%
Magic:  9/9        EV:  9    Int: 10    God:    Okawaru [*****.]
Gold:   388        SH: 12    Dex: 11    Spells: 9/9 levels left

rFire    . . .     SeeInvis .   J - +2 long sword (flame)
rCold    . . .     Gourm    .   c - +0 shield
rNeg     . . .     Faith    .   w - +8 chain mail of Integrity {Str+4 Slay+3 Stlth-}
rPois    .         Spirit   .   (helmet restricted)
rElec    .         Reflect  .   (no cloak)
rCorr    .         Harm     .   (no gloves)
MR       .....                  (no boots)
Stlth    ..........             (no amulet)
HPRegen  0.24/turn              (no ring)
MPRegen  0.11/turn              (no ring)

@: brilliant
A: retaliatory headbutt, horns 2
a: Heroism, Finesse, Renounce Religion


You were on level 1 of the Lair of Beasts.
You worshipped Okawaru.
Okawaru was extremely pleased with you.
You were not hungry.

You visited 2 branches of the dungeon, and saw 9 of its levels.

You collected 388 gold pieces.

Inventory:

Hand Weapons
 a - a +0 long sword
 F - a +3 scimitar
 J - a +2 long sword of flaming (weapon)
Armour
 b - a +0 scale mail
 c - a +0 shield (worn)
 k - a +0 ring mail
 w - the +8 chain mail of Integrity (worn) {Str+4 Slay+3 Stlth-}
   (You found it on level 5 of the Dungeon)

   It affects your strength (+4).
   It affects your accuracy and damage with ranged weapons and melee attacks
   (+3).
   It makes you less stealthy.
 C - a +0 plate armour
Wands
 g - a wand of iceblast (11)
 p - a wand of flame (68)
 y - a wand of random effects (7)
 H - a wand of disintegration (22)
Scrolls
 e - 7 scrolls of identify
 h - 12 scrolls of teleportation
 j - 2 scrolls of fear
 n - 3 scrolls of magic mapping
 o - 2 scrolls of enchant armour
 r - 2 scrolls of random uselessness {unknown}
 s - 6 scrolls of amnesia
 t - 4 scrolls of enchant weapon
 B - a scroll of fog {unknown}
 D - a scroll of noise {unknown}
 E - a scroll of immolation {unknown}
 G - a scroll of summoning {unknown}
 I - a scroll of torment {unknown}
 K - a scroll of remove curse
Potions
 d - a potion of might
 i - a potion of agility
 l - a potion of lignification {unknown}
 m - a potion of heal wounds {unknown}
 q - a potion of invisibility {unknown}
 u - a potion of brilliance
 v - a potion of curing
 x - a potion of resistance
 z - a potion of haste
 A - a potion of degeneration {unknown}
Comestibles
 f - 22 rations


   Skills:
 + Level 8.3 Fighting
 + Level 11.6 Long Blades
 + Level 8.4 Armour
 + Level 4.2 Dodging
 + Level 0.9 Stealth
 + Level 10.5 Shields


You had 9 spell levels left.
You didn't know any spells.
Your spell library contained the following spells:

 Spells                   Type           Power        Failure   Level  Hunger
 Beastly Appendage        Tmut           #.....       30%         1    ##.....
 Corona                   Hex            #......      30%         1    ##.....
 Slow                     Hex            #.......     41%         2    ###....
 Sticks to Snakes         Tmut           #.......     41%         2    ###....
 Inner Flame              Hex/Fire       #.......     63%         3    ####...
 Portal Projectile        Hex/Tloc       #.....       63%         3    ####...
 Spider Form              Tmut/Pois      #.........   63%         3    ####...
 Cause Fear               Hex            #.........   92%         4    #####..
 Ice Form                 Ice/Tmut       #.......     92%         4    #####..
 Leda's Liquefaction      Hex/Erth       #.........   92%         4    #####..
 Blade Hands              Tmut           #.........   99%         5    ######.


Dungeon Overview and Level Annotations

Branches:
Dungeon (8/15)             Temple (0/1) D:6            Lair (1/6) D:8

Altars:
Ashenzari
Cheibriados
Dithmenos
Elyvilon
Fedhas
Gozag
Makhleb
Okawaru
Qazlal
Sif Muna
Trog
Yredelemnul
The Shining One


Innate Abilities, Weirdness & Mutations

You reflexively headbutt those who attack you in melee.
You have a pair of horns on your head.


Message History

The crocodile bites you but does no damage.
You block the black mamba's attack.
You eat one of the 23 rations.
That ration really hit the spot!
You block the black mamba's attack.
The crocodile bites you but does no damage.
You closely miss the black mamba. Your headbutt misses the black mamba.
The black mamba is heavily wounded.
The black mamba bites you but does no damage.
You block the crocodile's attack.
The black mamba bites you but does no damage.
You closely miss the black mamba.
The black mamba is heavily wounded.
The black mamba bites you!
* * * LOW HITPOINT WARNING * * *
The crocodile bites you but does no damage.
You closely miss the black mamba.
The black mamba is heavily wounded.
You block the black mamba's attack. The black mamba completely misses you.
The crocodile bites you!
You die...

...... # ##..#.. #.
##....####
..####..#......
#..............
...#.#...###..##.#
#r...# #.# ##S#>.# ..#
#.@†.## #.# ###t## ##.#
# #.##### #P.#####
#..####.##..####..#.##.
.......................
#......................
..........#####.######.
#..........# ### ##
####......##


You could see a black mamba, a crocodile and a porcupine.

Vanquished Creatures
  A two-headed ogre (D:8)
  Pikel (D:5)
  A spiny frog (Lair:1)
  2 hornets (D:8)
  Grinder (D:5)
  A hippogriff (D:8)
  Sigmund (D:2)
  Eustachio (D:5)
  2 soldier ants (D:8)
  Duvessa (D:7)
  An orc warrior (D:6)
  2 sky beasts (D:7)
  2 black bears (D:7)
  4 ogres
  An eye of draining (D:8)
  2 centaurs
  A crocodile (Lair:1)
  3 bullfrogs
  Dowan (D:7)
  6 killer bees (D:7)
  A scorpion (D:7)
  5 wights (D:7)
  2 howler monkeys (D:7)
  3 crimson imps
  A centaur zombie (D:6)
  11 orc wizards
  5 jellies
  4 orc priests
  5 hounds
  Ijyb (D:3)
  6 worker ants
  3 iguanas (D:6)
  A hound zombie (D:5)
  A worker ant zombie (D:8)
  10 gnolls
  8 adders
  8 oozes (D:4)
  An adder skeleton (D:3)
  A worm (D:2)
  A dart slug (D:2)
  6 leopard geckos
  18 orcs
  6 bats
  A giant cockroach (D:1)
  15 goblins
  15 hobgoblins
  23 jackals
  11 kobolds
  3 quokkas
  6 frilled lizards
  A quokka zombie (D:6)
  10 rats
228 creatures vanquished.

Vanquished Creatures (others)
  2 fungi (D:4)
  10 toadstools (D:4)
12 creatures vanquished.

Grand Total: 240 creatures vanquished

Notes
Turn   | Place    | Note
-------+----------+-------------------------------------------
     0 | D:1      | KevinB the Minotaur Fighter began the quest for the Orb.
     0 | D:1      | Reached XP level 1. HP: 19/19 MP: 0/0
    80 | D:1      | Reached XP level 2. HP: 24/27 MP: 1/1
   314 | D:1      | Reached XP level 3. HP: 33/33 MP: 2/2
   491 | D:2      | Found a shadowy altar of Dithmenos.
   505 | D:2      | Reached skill level 3 in Long Blades
   683 | D:2      | Noticed Sigmund
   693 | D:2      | Killed Sigmund
   693 | D:2      | Reached skill level 4 in Long Blades
   693 | D:2      | Reached skill level 1 in Dodging
   693 | D:2      | Reached skill level 5 in Shields
   693 | D:2      | Reached XP level 4. HP: 24/41 MP: 3/3
   693 | D:2      | Reached XP level 5. HP: 28/47 MP: 4/4
   729 | D:2      | Found an iron altar of Okawaru.
   756 | D:2      | Became a worshipper of Warmaster Okawaru
   801 | D:2      | Found a snail-covered altar of Cheibriados.
  1247 | D:3      | You fall into a shaft and drop 2 floors!
  1247 | D:5      | Entered Level 5 of the Dungeon
  1295 | D:3      | Reached XP level 6. HP: 48/53 MP: 5/5
  1348 | D:3      | Reached skill level 5 in Long Blades
  1397 | D:3      | Found a blossoming altar of Fedhas.
  1509 | D:3      | Noticed Ijyb
  1521 | D:3      | Killed Ijyb
  2172 | D:4      | Reached * piety under Okawaru
  2172 | D:4      | Reached XP level 7. HP: 39/60 MP: 6/6
  2256 | D:4      | Reached skill level 6 in Long Blades
  2285 | D:4      | Reached skill level 5 in Fighting
  2549 | D:4      | Reached skill level 5 in Armour
  2623 | D:5      | Noticed Pikel
  2641 | D:5      | Killed Pikel
  2641 | D:5      | Reached ** piety under Okawaru
  2641 | D:5      | Reached skill level 7 in Long Blades
  2641 | D:5      | Reached XP level 8. HP: 23/69 MP: 7/7
  2663 | D:5      | Noticed Eustachio
  2694 | D:5      | Killed Eustachio
  2694 | D:5      | Reached skill level 8 in Long Blades
  2774 | D:5      | Got a fine chain mail
  2785 | D:5      | Identified the +8 chain mail of Integrity {Str+4 Slay+3
                  | Stlth-} (You found it on level 5 of the Dungeon)
  2895 | D:5      | Noticed Grinder
  2897 | D:5      | Paralysed by Grinder for 7 turns
  2910 | D:5      | Killed Grinder
  2946 | D:5      | Found a basalt altar of Yredelemnul.
  3528 | D:6      | Found a staircase to the Ecumenical Temple.
  3582 | D:6      | Reached XP level 9. HP: 70/75 MP: 8/8
  3586 | D:6      | Reached skill level 9 in Long Blades
  3688 | D:6      | Reached *** piety under Okawaru
  3860 | D:6      | Found a shattered altar of Ashenzari.
  4168 | D:7      | Reached skill level 10 in Long Blades
  4287 | D:7      | Reached **** piety under Okawaru
  4399 | D:7      | Found a glowing golden altar of the Shining One.
  4422 | D:7      | Found a stormy altar of Qazlal.
  4535 | D:7      | Found a burning altar of Makhleb.
  4550 | D:7      | Noticed Duvessa
  4560 | D:7      | Killed Duvessa
  4571 | D:7      | Noticed Dowan
  4576 | D:7      | Killed Dowan
  4605 | D:7      | Found a bloodstained altar of Trog.
  4763 | D:8      | Reached XP level 10. HP: 68/86 MP: 9/9
  4813 | D:8      | Found a shimmering blue altar of Sif Muna.
  4907 | D:8      | Found a white marble altar of Elyvilon.
  4950 | D:8      | Reached skill level 10 in Shields
  4986 | D:8      | Noticed a two-headed ogre
  5000 | D:8      | Killed a two-headed ogre
  5000 | D:8      | Reached ***** piety under Okawaru
  5000 | D:8      | Reached skill level 11 in Long Blades
  5115 | D:8      | Received a gift from Okawaru
  5220 | D:8      | Found an opulent altar of Gozag.
  5308 | D:8      | Found a staircase to the Lair.
  5313 | Lair:1   | Entered Level 1 of the Lair of Beasts
  5564 | Lair:1   | Noticed a spiny frog
  5565 | Lair:1   | Noticed a black mamba
  5579 | Lair:1   | Killed a spiny frog
  5584 | Lair:1   | Slain by a crocodile

Levels and vault maps discovered:
D:1:      minmay_arrival_plants_in_alcoves, layout_basic
D:2:      layout_rooms, okawaru_trees_2,
          nicolae_dithmenos_through_a_glass_darkly, kennysheep_slug_shrine,
          first_ration, uniq_sigmund
D:3:      layout_basic, lemuel_doored_altar, uniq_ijyb
D:4:      cheibrodos_fertilizer, layout_basic
D:5:      layout_cave_pods, lemuel_round_altar, uniq_pikel, uniq_grinder,
          uniq_eustachio
D:6:      layout_basic, marbit_many_paths, temple_fountains
D:7:      layout_cave_pools, nicolae_qazlal_general_emergency,
          trog_ov_bears_minmay, kennysheep_mini_moat, serial_park,
          serial_park_square2, serial_park_tiny_pond, basic_altar, uniq_duvessa
D:8:      layout_rooms, overflow_temple_1_default,
          nicolae_overflow_hidden_temple, led_sif_book, lair_entry_dummy,
          hangedman_pestilent_swarm
Lair:1:   layout_loops_ring, ebering_ghost_disaster_area, grunt_megastairs_2

Skill      XL: |  1  2  3  4  5  6  7  8  9 10 |
---------------+-------------------------------+-----
Armour         | 4 5 6 7 8 |  8.4
Fighting       | 4 5 6 7 8 |  8.3
Shields        | 4 5 6 7 8 9 10 | 10.5
Long Blades    | 4 5 7 8 10 11 | 11.6
Dodging        | 1 2 3 4 |  4.2
Stealth        | |  0.9

Action                   |  1- 3 |  4- 6 |  7- 9 | 10-12 || total
-------------------------+-------+-------+-------+-------++-------
Melee: Long sword        |    92 |   157 |   291 |    21 ||   561
       Headbutt          |    11 |    39 |    76 |    25 ||   151
       Scimitar          |       |       |    19 |    63 ||    82
  Use: Scroll            |       |       |     8 |       ||     8
       Potion            |       |       |       |     2 ||     2
  Eat: Chunk             |       |     3 |     7 |     2 ||    12
       Ration            |       |     1 |       |     1 ||     2
Armor: Scale mail        |    41 |    70 |    48 |       ||   159
       Chain mail        |       |       |    80 |    38 ||   118
Dodge: Dodged            |    28 |    40 |   103 |    31 ||   202
Block: Shield            |    51 |    92 |   153 |    58 ||   354
       Rpst.: Long sword |     7 |    12 |    25 |     5 ||    49
       Scimitar          |       |       |     2 |     8 ||    10
